 Dungeon Crawl Stone Soup version 0.23.2-30-g0e89c35649 (webtiles) character file.

Game seed: 115849206258206736

126220 shadizar the Blocker (level 16, -8/106 HPs)
             Began as a Gargoyle Fighter on June 16, 2019.
             Was the Champion of the Shining One.
             Killed from afar by a thorn hunter (25 damage)
             ... with a volley of thorns
             ... on level 2 of the Swamp.
             The game lasted 01:04:53 (28270 turns).

shadizar the Blocker (Gargoyle Fighter)            Turns: 28270, Time: 01:04:53

Health: -8/106     AC: 39    Str: 25    XL:     16   Next: 98%
Magic:  0/24       EV: 11    Int: 11    God:    the Shining One [******]
Gold:   1761       SH: 25    Dex:  9    Spells: 15/15 levels left

rFire    . . .     SeeInvis +   s - +7 sacred scourge (holy)
rCold    + + .     Gourm    .   V - +2 shield {rC+}
rNeg     + + +     Faith    .   a - +3 plate armour {rC+}
rPois    ∞         Spirit   +   E - +0 helmet
rElec    +         Reflect  .   M - scarf {Spirit}
rCorr    .         Harm     .   T - +2 pair of gloves
MR       ++...                  G - +2 pair of boots {run}
Stlth    ..........             J - amulet of guardian spirit
HPRegen  0.27/turn              B - ring of see invisible
MPRegen  0.19/turn              F - ring of protection from magic

@: divine shield, flying, glowing, quick
A: big wings, negative energy resistance 1, electricity resistance, unbreathing,
petrification resistance, rot immunity, AC +12
a: Stop Flying, Divine Shield, Cleansing Flame, Summon Divine Warrior, Renounce
Religion


You were on level 2 of the Swamp.
You worshipped the Shining One.
The Shining One was exalted by your worship.
You were very hungry.

You visited 5 branches of the dungeon, and saw 26 of its levels.
You visited the Abyss 1 time.
You also visited: Ice Cave and Volcano.

You collected 3072 gold pieces.
You spent 1311 gold pieces at shops.

Inventory:

Hand Weapons
 l - a +1 flail of flaming
 o - a +2 quick blade of flaming
 s - a +7 sacred scourge of holy wrath (weapon)
 y - a +2 flail of protection
 L - a +1 war axe of freezing
 N - a +1 long sword of slicing
 Q - a +3 glaive of chopping
Armour
 a - a +3 plate armour of cold resistance (worn)
 g - a scarf of repulsion
 i - +0 ice dragon scales
 k - a +2 chain mail of fire resistance
 u - a scarf of cloud immunity
 x - a +1 large shield
 E - a +0 helmet (worn)
 G - a +2 pair of boots of running (worn)
 M - a scarf of spirit shield (worn)
 T - a +2 pair of gloves (worn)
 V - a +2 shield of cold resistance (worn)
Jewellery
 m - an uncursed amulet of harm {unknown}
 n - an uncursed amulet of magic regeneration
 B - a ring of see invisible (left hand)
 F - a ring of protection from magic (right hand)
 J - an amulet of guardian spirit (around neck)
 W - an uncursed ring of stealth {unknown}
Wands
 c - a wand of enslavement (9)
 e - a wand of polymorph (9)
 h - a wand of iceblast (12)
 j - a wand of paralysis (5)
 K - a wand of digging (3)
 P - a wand of acid (30)
 R - a wand of disintegration (8)
Scrolls
 d - 2 scrolls of brand weapon {unknown}
 r - 16 scrolls of remove curse
 v - 3 scrolls of fog
 w - 4 scrolls of magic mapping
 z - 9 scrolls of teleportation
 H - 4 scrolls of enchant armour
 I - a scroll of blinking
 O - 6 scrolls of identify
Potions
 p - 3 potions of ambrosia
 q - 2 potions of might
 t - 7 potions of curing
 A - 3 potions of haste
 C - 2 potions of resistance
 D - 2 potions of berserk rage
 S - a potion of magic
 Y - a potion of heal wounds
Miscellaneous
 b - a lightning rod (4/4)
 U - a phial of floods
 X - a phial of floods
Comestibles
 f - 53 rations


   Skills:
 + Level 14.1 Fighting
 + Level 13.8 Maces & Flails
 + Level 13.4 Armour
 + Level 9.6 Dodging
 - Level 1.3 Stealth
 + Level 14.3 Shields
 + Level 10.6 Invocations
 - Level 4.3 Evocations


You had 15 spell levels left.
You didn't know any spells.
Your spell library contained the following spells:

 Spells                   Type           Power        Failure   Level  Hunger
 Animate Skeleton         Necr           N/A          97%         1    ##.....
 Corona                   Hex            #......      97%         1    ##.....
 Freeze                   Ice            #...         97%         1    ##.....
 Pain                     Necr           #...         97%         1    ##.....
 Ensorcelled Hibernation  Hex/Ice        #.....       99%         2    ###....
 Throw Frost              Conj/Ice       #.....       99%         2    ###....
 Confuse                  Hex            #.......     100%        3    ####...
 Dazzling Spray           Conj/Hex       #.....       100%        3    ####...
 Ozocubu's Armour         Chrm/Ice       #.......     100%        3    ####...
 Regeneration             Chrm/Necr      #.........   100%        3    ####...
 Tukima's Dance           Hex            #.......     100%        3    ####...
 Vampiric Draining        Necr           #.........   100%        3    ####...
 Animate Dead             Necr           N/A          100%        4    #####..
 Summon Ice Beast         Ice/Summ       #.......     100%        4    #####..
 Throw Icicle             Conj/Ice       #.......     100%        4    #####..


Dungeon Overview and Level Annotations

Branches:
Dungeon (15/15)            Temple (1/1) D:6            Lair (6/6) D:8
  Swamp (2/4) Lair:4        Snake (0/4) Lair:3        Slime (0/5) Lair:5
    Orc (2/2) D:9             Elf (0/3) Orc:2        Vaults (0/5) D:14
 Depths (0/5) D:15

Altars:
Ashenzari
Cheibriados
Dithmenos
Elyvilon
Fedhas
Gozag
Hepliaklqana
Kikubaaqudgha
Makhleb
Nemelex Xobeh
Okawaru
Qazlal
Ru
Sif Muna
Trog
Uskayaw
Vehumet
Wu Jian
Xom
Yredelemnul
Zin
The Shining One
Beogh
Jiyva

Shops:
D:12 *   Orc:1 (   Orc:2 *?:[!

Annotations:
D:2 1 runed translucent door, Crazy Yiuf
D:6 1 runed translucent door, solus13's ghost, novice TrMo
Lair:3 Rupert
Lair:4 exclusion: 4 oklob plants


Innate Abilities, Weirdness & Mutations

You are resistant to torment.
Your stone body is resilient. (AC +12)
You are immune to poison.
Your large and strong wings let you fly indefinitely.
You resist negative energy. (rN+)
You are resistant to electric shocks. (rElec)
You can survive without breathing.
You are immune to petrification.
You are immune to rotting.


Message History

You thrash the thorn hunter!!
You destroy the thorn hunter!
You block the alligator's attack. x2
Unknown command.
The briar patch crumbles away.
Something hits the briar patch!!
The briar patch is destroyed!
The alligator bites you but does no damage.
You block the alligator's attack.
You whack the alligator!
The alligator is lightly wounded.
You block the alligator's attack.
The alligator tail-slaps you but does no damage.
You hit the alligator.
The alligator is moderately wounded.
You hit the alligator.
The alligator is moderately wounded.
You block the alligator's attack. x2
The thorn hunter fires a volley of thorns at you.
The volley of thorns hits you!!
You die... ♣♣ ≈≈. ♣♣♣♣ ♣≈♣♣♣§≈≈. ♣♣≈≈♣ ♣P≈P≈≈≈≈. ♣...♣♣♣♣♣♣♣PPPPPPPP ♣≈.♣.PP♣♣PPPPPPPP≈

♣♣≈............≈≈≈≈ ♣
♣♣..≈≈≈≈..≈≈.....≈..
♣♣♣♣♣♣≈..≈≈≈≈.≈≈.t...≈≈≈.
.♣..♣♣..≈≈≈≈≈.≈.@.≈≈≈.≈≈≈
.≈≈≈≈§≈≈≈≈≈≈≈≈≈≈.≈...≈...
.≈≈≈..≈≈.≈≈.....≈.♣.♣.♣.♣
..≈.≈....≈≈.PPPPPPP♣♣ ♣
.♣♣♣♣♣≈♣§≈≈.PPPf♣P♣.. .♣
♣♣♣♣.....≈..♣P... ♣♣
≈..≈≈≈.♣ P.P♣P. ♣ ......≈
≈.♣♣ . ♣ ♣..≈.≈. ..P


You could see a thorn hunter and an alligator.

Vanquished Creatures
  Jorgrun (Swamp:1)
  A tentacled monstrosity (Abyss:1)
  A tentacled starspawn (Abyss:1)
  Frances (Swamp:1)
  Kirke (D:14)
  A thorn hunter (Swamp:2)
  2 very ugly things (IceCv)
  Josephine (D:10)
  4 vault guards (D:14)
  3 ogre magi
  2 catoblepae (Lair:6)
  14 hydras
  A death knight (D:11)
  An anaconda (Lair:6)
  An ice dragon (Swamp:1)
  3 centaur warriors
  8 two-headed ogres
  5 alligators (Swamp:1)
  2 tengu warriors (D:15)
  3 death yaks
  3 large abominations (Abyss:1)
  Urug (Lair:3)
  Nergalle (Orc:2)
  A wretched star (Abyss:1)
  Sonja (D:12)
  A skeletal warrior (D:11)
  2 unseen horrors
  A hell knight (Volcano)
  A swamp dragon (Swamp:1)
  A wizard (D:15)
  2 orc knights (Orc:2)
  A wolf spider (Lair:6)
  A deep elf mage (D:15)
  A phantasmal warrior (D:11)
  8 orc sorcerers (Orc:2)
  6 ugly things
  2 cyclopes
  A guardian serpent (Lair:6)
  4 manticores
  A worldbinder (Abyss:1)
  5 ice statues (IceCv)
  12 black mambas
  16 spiny frogs
  2 naga magi (D:15)
  A torpor snail (Lair:6)
  2 molten gargoyles (Volcano)
  A gargoyle (D:14)
  A catoblepas zombie (Abyss:1)
  A kobold demonologist (D:14)
  A rime drake (Lair:3)
  5 komodo dragons
  2 freezing wraiths (D:11)
  A yaktaur (Volcano)
  2 hellwings (Abyss:1)
  2 ancient zymes
  5 trolls
  9 polar bears (Lair:6)
  6 tyrant leeches
  12 slime creatures
  8 blink frogs
  A bog body (Swamp:1)
  3 hornets (Lair:6)
  Grinder (D:5)
  2 raiju (Lair:6)
  8 hippogriffs
  A spriggan (shapeshifter) (D:15)
  56 yaks
  Sigmund (D:2)
  2 ynoxinuls (Abyss:1)
  8 wraiths
  9 wyverns
  2 hogs (D:14)
  3 redbacks (Lair:6)
  2 fire bats (Volcano)
  6 hungry ghosts
  11 vampire mosquitoes
  7 humans (D:14)
  Eustachio (D:4)
  A hog (shapeshifter) (D:15)
  A basilisk (D:14)
  A chaos spawn (D:12)
  7 wargs
  Menkaure (D:7)
  Edmund (D:5)
  3 nagas (Lair:3)
  8 swamp worms
  4 acid dragons
  An iron troll simulacrum (IceCv)
  3 small abominations (Abyss:1)
  4 harpy simulacra (IceCv)
  20 water moccasins
  13 hell hounds (Lair:6)
  3 hydra simulacra (IceCv)
  17 orc warriors
  7 porcupines
  2 swamp drakes
  A hornet zombie (D:15)
  8 ice beasts
  A phantom (D:9)
  3 sky beasts
  12 black bears
  An ettin simulacrum (IceCv)
  14 ogres
  13 wolves (Lair:6)
  13 centaurs
  10 crocodiles
  3 big kobolds
  20 bullfrogs
  2 wyvern skeletons (D:14)
  5 scorpions
  A troll zombie (D:9)
  10 killer bees
  10 wights
  6 lava snakes (Volcano)
  An electric eel (Lair:6)
  5 crimson imps
  8 starcursed masses (Abyss:1)
  A quasit (D:10)
  2 centaur zombies (D:10)
  2 hounds
  6 jellies
  2 bullfrog zombies
  2 gnoll shamans
  5 centaur skeletons
  10 orc priests
  3 iguanas
  29 orc wizards
  Natasha (twice) (D:3)
  7 worker ants
  5 ogre zombies (D:9)
  2 hound zombies
  A worker ant zombie (D:11)
  11 adders
  10 gnolls
  A howler monkey skeleton (D:11)
  2 river rats
  5 shadow imps
  8 oozes
  3 adder zombies
  An adder skeleton (D:7)
  3 worms (D:3)
  2 dart slugs (D:1)
  11 leopard geckos
  62 orcs
  4 ball pythons
  7 giant cockroaches
  3 goblins
  7 hobgoblins
  5 jackals
  4 quokkas
  8 bats
  5 frilled lizards
  3 goblin zombies (D:9)
  2 hobgoblin skeletons (D:9)
  A hobgoblin zombie (D:9)
  26 kobolds
  A leopard gecko skeleton (D:4)
  A leopard gecko zombie (D:7)
  2 orc skeletons (D:9)
  11 orc zombies (D:9)
  7 rats
  3 starspawn tentacles (Abyss:1)
856 creatures vanquished.

Vanquished Creatures (others)
  4 humans (D:14)
  An electric eel (D:14)
  A briar patch (Swamp:2)
  9 fungi
  32 plants
  4 starspawn tentacles (Abyss:1)
51 creatures vanquished.

Grand Total: 907 creatures vanquished

Notes
Turn   | Place    | Note
-------+----------+-------------------------------------------
     0 | D:1      | shadizar the Gargoyle Fighter began the quest for the Orb.
     0 | D:1      | Reached XP level 1. HP: 14/14 MP: 1/1
    74 | D:1      | Reached XP level 2. HP: 11/19 MP: 2/2
   372 | D:1      | Reached XP level 3. HP: 22/23 MP: 3/3
   762 | D:2      | Found a sacrificial altar of Ru.
   841 | D:2      | Found an iron altar of Okawaru.
   891 | D:2      | Reached XP level 4. HP: 4/29 MP: 4/4
  1232 | D:2      | Found an ornate altar of the Wu Jian Council.
  1234 | D:2      | Noticed Sigmund
  1473 | D:3      | Noticed an ogre
  1644 | D:4      | Reached XP level 5. HP: 27/33 MP: 5/5
  1859 | D:4      | Noticed Eustachio
  2251 | D:4      | Found a shadowy altar of Dithmenos.
  2298 | D:5      | Entered Level 5 of the Dungeon
  2300 | D:5      | Noticed Grinder
  2427 | D:5      | Noticed Edmund
  2427 | D:5      | Noticed a wraith
  2459 | D:5      | Killed Edmund
  2459 | D:5      | Reached skill level 5 in Shields
  2459 | D:5      | Reached XP level 6. HP: 24/38 MP: 6/6
  2536 | D:4      | Killed a wraith
  2536 | D:4      | Reached skill level 1 in Dodging
  2536 | D:4      | Reached XP level 7. HP: 13/44 MP: 7/7
  2554 | D:5      | Paralysed by Grinder for 7 turns
  2889 | D:5      | You fall through a shaft for 2 floors!
  2975 | D:8      | Reached skill level 5 in Armour
  3065 | D:8      | Reached skill level 5 in Maces & Flails
  3095 | D:8      | Found a staircase to the Lair.
  3095 | D:8      | Noticed a death yak
  3120 | D:7      | Noticed a hungry ghost
  3152 | D:7      | Killed a hungry ghost
  3152 | D:7      | Reached XP level 8. HP: 44/48 MP: 8/8
  3155 | D:7      | Noticed Menkaure
  3162 | D:7      | Killed Menkaure
  3162 | D:7      | Reached skill level 5 in Fighting
  3560 | D:6      | Noticed a yak
  3563 | D:6      | Noticed a yak
  3564 | D:6      | Noticed a yak
  3564 | D:6      | Noticed a yak
  3567 | D:6      | Noticed a yak
  3567 | D:6      | Noticed a yak
  3575 | D:6      | Killed a yak
  3609 | D:6      | Killed a yak
  3612 | D:6      | Killed a yak
  3612 | D:6      | Reached XP level 9. HP: 19/54 MP: 9/9
  3615 | D:6      | Reached skill level 1 in Stealth
  3955 | D:6      | Found a shimmering altar of Xom.
  3955 | D:6      | Noticed solus13's ghost (novice TrMo)
  3955 | D:6      | Noticed a +1 spear of chaos
  3959 | D:6      | Found a runed translucent door.
  4017 | D:6      | Found a staircase to the Ecumenical Temple.
  4024 | Temple   | Entered the Ecumenical Temple
  4108 | Temple   | Became a worshipper of the Shining One
  4325 | D:6      | Found a snail-covered altar of Cheibriados.
  4564 | D:6      | Found a deep blue altar of Sif Muna.
  4735 | D:6      | Found a shattered altar of Ashenzari.
  5127 | D:5      | Paralysed by Grinder for 6 turns
  5137 | D:5      | Paralysed by Grinder for 3 turns
  5143 | D:5      | Killed Grinder
  5459 | D:4      | Killed Eustachio
  5581 | D:3      | Noticed Natasha
  5586 | D:3      | Killed Natasha
  5655 | D:3      | Found a sparkling altar of Nemelex Xobeh.
  5707 | D:3      | Noticed Natasha
  5719 | D:3      | Killed Natasha
  5802 | D:2      | Found a bloodstained altar of Trog.
  5941 | D:2      | Found a runed translucent door.
  5942 | D:2      | Noticed Crazy Yiuf
  6136 | D:2      | Killed Sigmund
  6277 | D:2      | Found a hazy altar of Hepliaklqana.
  6626 | D:7      | Reached XP level 10. HP: 60/60 MP: 10/10
  6833 | D:7      | Reached * piety under the Shining One
  7021 | D:8      | Noticed a death yak
  7021 | D:8      | Noticed a death knight
  7021 | D:8      | Noticed a skeletal warrior
  7021 | D:8      | Noticed a skeletal warrior
  7189 | D:8      | Found an ancient bone altar of Kikubaaqudgha.
  7189 | D:8      | Found a faded altar of an unknown god.
  7194 | D:8      | Found a faded altar of an unknown god.
  7196 | D:8      | Found a glowing silver altar of Zin.
  7198 | D:8      | Found a basalt altar of Yredelemnul.
  7520 | D:8      | Noticed a skeletal warrior
  7771 | D:8      | Noticed a death yak
  7818 | D:7      | Killed a death yak
  8138 | Lair:1   | Entered Level 1 of the Lair of Beasts
  8161 | Lair:1   | Noticed a spiny frog
  8175 | Lair:1   | Killed a spiny frog
  8175 | Lair:1   | Reached skill level 1 in Invocations
  8718 | Lair:2   | Noticed a black mamba
  8728 | Lair:2   | Killed a black mamba
  8813 | Lair:2   | Reached XP level 11. HP: 66/67 MP: 10/13
  8894 | Lair:2   | Reached skill level 10 in Shields
  9294 | Lair:3   | Reached skill level 10 in Maces & Flails
  9384 | Lair:3   | Noticed a five-headed hydra
  9392 | Lair:3   | Killed a five-headed hydra
  9416 | Lair:3   | Found a staircase to the Snake Pit.
  9478 | Lair:3   | Noticed a seven-headed hydra
  9494 | Lair:3   | Killed a seven-headed hydra
  9961 | Lair:3   | Reached ** piety under the Shining One
 10084 | Lair:3   | Noticed Urug
 10101 | Lair:3   | Killed Urug
 10149 | Lair:3   | Noticed Rupert
 10445 | Lair:4   | Noticed an oklob plant
 10447 | Lair:4   | Noticed an oklob plant
 10500 | Lair:4   | Reached skill level 5 in Invocations
 10519 | Lair:4   | Reached XP level 12. HP: 58/75 MP: 12/15
 10816 | Lair:4   | Noticed a seven-headed hydra
 10826 | Lair:4   | Noticed a six-headed hydra
 10830 | Lair:4   | Killed a seven-headed hydra
 10855 | Lair:4   | Killed a six-headed hydra
 10855 | Lair:4   | Reached skill level 5 in Dodging
 11127 | Lair:4   | Found a staircase to the Swamp.
 11128 | Lair:4   | Noticed a five-headed hydra
 11145 | Lair:4   | Killed a five-headed hydra
 11668 | Lair:5   | Noticed an eight-headed hydra
 11685 | Lair:5   | Killed an eight-headed hydra
 11735 | Lair:5   | Noticed a four-headed hydra
 11748 | Lair:5   | Killed a four-headed hydra
 11822 | Lair:5   | Found a viscous altar of Jiyva.
 11823 | Lair:5   | Found a staircase to the Slime Pits.
 11825 | Lair:5   | Noticed a five-headed hydra
 11836 | Lair:5   | Killed a five-headed hydra
 11979 | Lair:5   | Noticed a four-headed hydra
 11990 | Lair:5   | Killed a four-headed hydra
 11990 | Lair:5   | Reached skill level 10 in Armour
 12071 | Lair:5   | Noticed a six-headed hydra
 12084 | Lair:5   | Killed a six-headed hydra
 12102 | Lair:5   | Got a dazzling leather armour
 12140 | Lair:5   | Reached XP level 13. HP: 59/82 MP: 14/18
 12536 | Lair:6   | Entered Level 6 of the Lair of Beasts
 12682 | Lair:6   | Reached skill level 10 in Fighting
 12835 | Lair:6   | Reached skill level 1 in Evocations
 14470 | Lair:6   | Gained mutation: Your large and strong wings let you fly
                  | indefinitely. [Gargoyle growth]
 14470 | Lair:6   | Reached XP level 14. HP: 43/90 MP: 12/19
 16256 | Lair:3   | Reached *** piety under the Shining One
 17081 | D:9      | Found a staircase to the Orcish Mines.
 17081 | D:9      | Reached **** piety under the Shining One
 17815 | Orc:1    | Entered Level 1 of the Orcish Mines
 18123 | Orc:2    | Entered Level 2 of the Orcish Mines
 18123 | Orc:2    | Reached ***** piety under the Shining One
 18333 | Orc:2    | Found a staircase to the Elven Halls.
 18337 | Orc:2    | Found a roughly hewn altar of Beogh.
 18411 | Orc:2    | Found a dark tunnel.
 18543 | Volcano  | Entered a volcano
 18893 | Volcano  | Found a bloodstained altar of Trog.
 19340 | Orc:2    | Found Quidem's Assorted Antiques.
 19753 | Orc:2    | Found Suba's Magic Scroll Boutique.
 19925 | Orc:2    | Noticed Nergalle
 19927 | Orc:2    | Found an ancient bone altar of Kikubaaqudgha.
 19973 | Orc:2    | Killed Nergalle
 20014 | Orc:2    | Reached XP level 15. HP: 90/97 MP: 17/20
 20042 | Orc:2    | Found Piacuk Yhewk's Antique Armour Shop.
 20100 | Orc:2    | Found a radiant altar of Vehumet.
 20149 | Orc:2    | Found Ranwilamn's Book Shop.
 20183 | Orc:2    | Bought a pair of runed boots for 180 gold pieces
 20190 | Orc:2    | Identified a +2 pair of boots of running (You bought it in
                  | a shop on level 2 of the Orcish Mines)
 20196 | Orc:2    | Found a roughly hewn altar of Beogh.
 20221 | Orc:2    | Found Sogut's Distillery.
 20372 | Orc:1    | Found Kireap's Antique Weapon Boutique.
 20599 | Orc:1    | Identified the +3 leather armour "Hoahon" {rPois rF- Str+4
                  | Int+3} (You found it on level 5 of the Lair of Beasts)
 20710 | Orc:2    | Bought a runed plate armour for 624 gold pieces
 20710 | Orc:2    | Bought a runed scarf for 192 gold pieces
 20856 | D:10     | Entered Level 10 of the Dungeon
 20993 | D:10     | Noticed Josephine
 21016 | D:10     | Killed Josephine
 22768 | D:12     | Found a radiant altar of Vehumet.
 22924 | D:12     | Found Neutoll's Assorted Antiques.
 22929 | D:12     | Bought a demon whip for 315 gold pieces
 23054 | D:12     | Noticed Sonja
 23250 | D:12     | Cast into level 1 of the Abyss (Sonja)
 23328 | Abyss:1  | Found a corrupted altar of Lugonu.
 23391 | Abyss:1  | Found a corrupted altar of Lugonu.
 23552 | Abyss:1  | Noticed a tentacled monstrosity
 23574 | Abyss:1  | Killed a tentacled monstrosity
 23604 | Abyss:1  | Paralysed by accursed screaming for 1 turns
 23782 | Abyss:1  | Noticed a tentacled starspawn
 23812 | Abyss:1  | Killed a tentacled starspawn
 23865 | D:12     | Escaped the Abyss
 24499 | D:12     | Killed Sonja
 24676 | D:13     | You are sucked into a shaft!
 24827 | D:14     | Noticed Kirke
 24848 | D:14     | Noticed a sphinx
 24851 | D:14     | Killed Kirke
 24984 | D:14     | Reached XP level 16. HP: 104/104 MP: 23/23
 25365 | D:14     | Found a gate to the Vaults.
 25697 | D:15     | Entered Level 15 of the Dungeon
 26110 | D:15     | Reached skill level 10 in Invocations
 26151 | D:15     | Found a staircase to the Depths.
 26850 | Swamp:1  | Entered Level 1 of the Swamp
 26851 | Swamp:1  | Reached ****** piety under the Shining One
 26981 | Swamp:1  | Noticed Frances
 27014 | Swamp:1  | Killed Frances
 27045 | Swamp:1  | Found a frozen archway.
 27108 | IceCv    | Entered an ice cave
 27161 | IceCv    | Identified a glowing sacred scourge {god gift} (a demon
                  | whip blessed by the Shining One)
 27161 | IceCv    | Received a gift from the Shining One
 27788 | Swamp:1  | Noticed Jorgrun
 27815 | Swamp:1  | Killed Jorgrun
 28238 | Swamp:2  | Noticed a thorn hunter
 28256 | Swamp:2  | Noticed a thorn hunter
 28266 | Swamp:2  | Killed a thorn hunter
 28270 | Swamp:2  | Killed from afar by a thorn hunter

Skill      XL: |  1  2  3  4  5  6  7  8  9 10 11 12 13 14 15 16 |
---------------+-------------------------------------------------+-----
Shields        | 4 5 6 7 8 9 10 11 12 13 14 | 14.3
Fighting       | 4 5 6 7 8 9 11 12 13 14 | 14.1
Maces & Flails | 3 4 5 6 8 9 10 11 12 13 | 13.8
Armour         | 4 5 6 7 9 10 11 12 13 | 13.4
Dodging        | 1 2 3 4 5 6 7 8 9 |  9.6
Stealth        | 1 |  1.3
Invocations    | 2 5 6 7 9 10 | 10.6
Evocations     | 3 4 |  4.3

Action                   |  1- 3 |  4- 6 |  7- 9 | 10-12 | 13-15 | 16-18 || total
-------------------------+-------+-------+-------+-------+-------+-------++-------
Melee: Flail             |   156 |   215 |   364 |   713 |  2525 |   542 ||  4515
       Sacred scourge    |       |       |       |       |       |   251 ||   251
Invok: Divine Shield     |       |       |       |     6 |    28 |     7 ||    41
       Cleansing Flame   |       |       |       |       |     7 |       ||     7
       Brand Weapon With |       |       |       |       |       |     1 ||     1
 Abil: Fly               |       |       |       |       |     1 |       ||     1
  Use: Potion            |       |     3 |     2 |     6 |       |       ||    11
       Scroll            |       |       |     1 |    16 |    12 |    10 ||    39
  Eat: Chunk             |       |     4 |    10 |    17 |    39 |    11 ||    81
       Ration            |       |     1 |     3 |     1 |     5 |       ||    10
Armor: Scale mail        |   103 |    21 |       |       |       |       ||   124
       Chain mail        |       |   172 |   291 |   481 |   605 |       ||  1549
       Plate armour      |       |       |       |       |   680 |   442 ||  1122
Dodge: Dodged            |    61 |    70 |   121 |   170 |   564 |   212 ||  1198
Block: Shield            |    97 |   154 |   254 |       |       |   225 ||   730
       Large shield      |       |       |     9 |   819 |  3070 |   633 ||  4531
